 Dungeon Crawl Stone Soup version 0.28.0-1-gb440e238dd (webtiles) character file.

Game seed: 17203928665123128389

93 spaghetti the Vandal (level 4, -1/39 HPs)
             Began as a Deep Dwarf Hunter on Feb 20, 2022.
             Was an Initiate of Elyvilon.
             Slain by Natasha (5 damage)
             ... on level 2 of the Dungeon.
             The game lasted 00:03:41 (1195 turns).

spaghetti the Vandal (Deep Dwarf Hunter)            Turns: 1195, Time: 00:03:42

Health: -1/39      AC:  3    Str: 16    XL:     4   Next: 37%
Magic:  4/4        EV: 12    Int: 11    God:    Elyvilon [......]
Gold:   130        SH:  0    Dex: 15    Spells: 3/3 levels left

rFire   . . .      SeeInvis .   a - +1 hunting sling
rCold   . . .      Faith    .   (no shield)
rNeg    . . .      Spirit   .   c - +0 leather armour
rPois   .          Reflect  .   (no helmet)
rElec   .          Harm     .   (no cloak)
rCorr   .          Rampage  .   (no gloves)
Will    .....                   (no boots)
Stlth   ++........              (no amulet)
HPRegen 0.00/turn               (no ring)
MPRegen 0.09/turn               (no ring)

@: on berserk cooldown, slowed, very slow
A: damage resistance, heal wounds, sense surroundings 1, no regeneration
a: Heal Wounds, Renounce Religion


You were on level 2 of the Dungeon.
You worshipped Elyvilon.
Elyvilon was noncommittal.
You visited 1 branch of the dungeon, and saw 4 of its levels.

You collected 130 gold pieces.

Inventory:

Hand Weapons
 a - a +1 hunting sling (weapon)
 b - a +0 short sword
Missiles
 d - 21 sling bullets (quivered ammo)
 e - 79 stones
 h - 4 javelins
Armour
 c - a +0 leather armour (worn)
Scrolls
 g - a scroll of identify
 j - a scroll of enchant weapon


   Skills:
 - Level 1.7 Fighting
 + Level 6.5 Slings
 - Level 2.1 Dodging
 - Level 1.2 Stealth


You had 3 spell levels left.
You didn't know any spells.
Your spell library contained the following spells:

 Spells                   Type           Power      Damage    Failure   Level
 Foxfire                  Conj/Fire      0%         2x1d4     41%         1
 Conjure Flame            Conj/Fire      0%         6-21      78%         3
 Inner Flame              Hex/Fire       0%         N/A       78%         3
 Flame Wave               Conj/Fire      0%         2d4       99%         4


Dungeon Overview and Level Annotations

Branches:
Dungeon (4/15)
 Temple: D:4-7

Altars:
Elyvilon
Makhleb

Shops:
D:3 =

Annotations:
D:2 Natasha


Innate Abilities, Weirdness & Mutations

You are resistant to damage.
You can heal yourself by infusing magical energy.
You passively map a small area around you.
You do not regenerate.


Message History

Natasha, Servant of Life and Death comes into view.
Natasha is nearby!
You aren't carrying any items that you can evoke.
a - a +1 hunting sling (weapon)
Fire: 26 sling bullets
Press: ? - help, Q - select action, (/) - cycle Shift-Dir - straight line, f - Natasha
Aim: Natasha (56% to hit)
You shoot a sling bullet. The sling bullet hits Natasha.
Natasha is moderately wounded.
You aren't carrying any potions.
Fire: 25 sling bullets
Press: ? - help, Q - select action, (/) - cycle Shift-Dir - straight line, f/p - Natasha
Aim: Natasha (moderately wounded, 56% to hit)
You shoot a sling bullet. The sling bullet hits Natasha!
Natasha is almost dead.
Fire: 24 sling bullets
Press: ? - help, Q - select action, (/) - cycle Shift-Dir - straight line, f/p - Natasha
Aim: Natasha (almost dead, 56% to hit)
You shoot a sling bullet.
The sling bullet hits Natasha but does no damage.
Natasha is almost dead.
Natasha claws you. Natasha casts a spell at you. The magic dart hits you.
* * * LOW HITPOINT WARNING * * *
Fire: 23 sling bullets
Press: ? - help, Q - select action, (/) - cycle Shift-Dir - straight line, f/p - Natasha
Aim: Natasha (almost dead, 56% to hit)
You shoot a sling bullet. The sling bullet hits Natasha.
Natasha is almost dead.
Natasha howls an incantation.
You feel troubled. Natasha claws you.
* * * LOW HITPOINT WARNING * * *
Fire: 22 sling bullets
Press: ? - help, Q - select action, (/) - cycle Shift-Dir - straight line, f/p - Natasha
Aim: Natasha (almost dead, 56% to hit)
You shoot a sling bullet. The sling bullet barely misses Natasha.
Natasha claws you!
You die...

..≈≈.≈≈≈≈.≈≈........## #.
#P♣♣♣.≈.≈≈PP♣♣..(....##..
, .♣*
♣♣≈≈P♣♣♣♣♣........... ,
## ♣P≈≈♣♣♣..........#.#
#####♣♣≈P♣♣.....(.....#.#
#...♣ ♣≈♣♣......(.......#
#.### ≈. ♣##...........##
#.# ##. ###...h......# ,
..# * ##.....@.....## .##
.............# .# *
#............# .#
#.............# * .#
#.............# , .# * *
,.............# ##
#........†.†## * ,
#.........>## ,
#.._..######


You could see Natasha.

Vanquished Creatures
  An orc wizard (D:3)
  Natasha (D:2)
  An adder (D:2)
  A worm (D:2)
  3 orcs (D:3)
  An endoplasm (D:3)
  2 giant cockroaches
  2 goblins
  3 hobgoblins (D:1)
  A jackal (D:2)
  5 kobolds
  A quokka (D:1)
  A ball python (D:1)
  3 bats (D:1)
  A frilled lizard (D:3)
  4 rats
31 creatures vanquished.

Vanquished Creatures (others)
  3 fungi (D:4)
3 creatures vanquished.

Grand Total: 34 creatures vanquished

Notes
Turn   | Place    | Note
-------+----------+-------------------------------------------
     0 | D:1      | spaghetti the Deep Dwarf Hunter began the quest for the
                  | Orb.
     0 | D:1      | Reached XP level 1. HP: 19/19 MP: 1/1
   249 | D:1      | Reached XP level 2. HP: 26/26 MP: 2/2
   283 | D:1      | Reached skill level 5 in Slings
   724 | D:2      | You fall into a shaft and drop 2 floors!
   831 | D:3      | Found Vemayru's Jewellery Emporium.
   876 | D:3      | Found a white marble altar of Elyvilon.
   881 | D:3      | Became a worshipper of Elyvilon the Healer
   894 | D:3      | Reached XP level 3. HP: 32/32 MP: 3/3
   921 | D:3      | Reached skill level 6 in Slings
   988 | D:3      | Found a burning altar of Makhleb.
   994 | D:2      | Found a faded altar of an unknown god.
  1020 | D:2      | Reached XP level 4. HP: 24/39 MP: 4/4
  1167 | D:2      | Noticed Natasha
  1182 | D:2      | Killed Natasha
  1189 | D:2      | Noticed Natasha
  1195 | D:2      | Slain by Natasha

Illustrated notes

Levels and vault maps discovered:
D:1:      dpeg_arrival_boxorama, layout_basic, minmay_statues_item, nrook_uturn,
          roderic_roman_lattice
D:2:      layout_rooms, basic_ecumenical_altar, grunt_ministairs_11,
          serial_bayou_crossing, uniq_robin, uniq_natasha
D:3:      layout_rooms, elyvilon_altar_4, mainiacjoe_overflow_big_doors,
          serial_shops, shop, minmay_ogre_servants
D:4:      layout_loops_ring, serial_aquarium, aquarium_bridge_square
          [aquarium_subvault_wall, aquarium_subvault_wall,
          aquarium_subvault_balcony, aquarium_subvault_bridge],
          aquarium_bridge_square [aquarium_subvault_window,
          aquarium_subvault_bridge, aquarium_subvault_bridge,
          aquarium_subvault_wall], aquarium_window_1, aquarium_window_3,
          aquarium_view_4, aquarium_view_2e

Skill      XL: |  1  2  3 |
---------------+----------+-----
Slings         | 5 6 |  6.5
Fighting       | |  1.7
Dodging        | |  2.1
Stealth        | |  1.2

Action                   |  1- 3 |  4- 6 || total
-------------------------+-------+-------++-------
Melee: Short sword       |    26 |    14 ||    40
       Hunting sling     |     1 |       ||     1
 Fire: Hunting sling     |    66 |    13 ||    79
  Use: Scroll            |       |     2 ||     2
       Potion            |       |     1 ||     1
Armor: Leather armour    |    13 |     2 ||    15
Dodge: Dodged            |    41 |    13 ||    54
